 Dungeon Crawl Stone Soup version 0.31-a0-152-g6aa68a64a1 (webtiles) character file.

Game seed: 17871998411406786093

93 qw the Shooter (level 4, -6/28 HPs)
             Began as a Gargoyle Hunter on June 8, 2023.
             Mangled by Sigmund
             ... wielding a +0 scythe
              (10 damage)
             ... on level 2 of the Dungeon.
             The game lasted 00:00:38 (1695 turns).

qw the Shooter (Gargoyle Hunter)                    Turns: 1695, Time: 00:00:38

Health: -6/28      AC:  3    Str: 14    XL:     4   Next: 61%
Magic:  4/4        EV: 12    Int: 10    God:
Gold:   34         SH:  0    Dex: 15    Spells: 3/3 levels left

rFire   + . .        Y - +1 shortbow
rCold   . . .        (shield currently unavailable)
rNeg    + . .        (no body armour)
rPois   inf          (no helmet)
rElec   +            (no cloak)
rCorr   .            (no gloves)
SInv    .            (no boots)
Will    .....        (no amulet)
Stlth   ++           f - ring of protection from fire
HPRegen 0.24/turn    (no ring)
MPRegen 0.09/turn

%: no passive effects
@: no status effects
A: sickness immunity, AC +3, negative energy resistance 1, electricity
resistance, torment resistance 1, petrification resistance
a: no special abilities


You were on level 2 of the Dungeon.
You visited 1 branch of the dungeon, and saw 2 of its levels.

You collected 78 gold pieces.
You spent 44 gold pieces at shops.


Innate Abilities, Weirdness & Mutations

You are immune to sickness and miasma.
Your stone body is resilient. (AC +3)
You are immune to poison.
You resist negative energy. (rN+)
You are resistant to electric shocks. (rElec)
You are resistant to unholy torment.
You are immune to petrification.


   Skills:
 - Level 3.2 Fighting
 + Level 5.4 Ranged Weapons
 - Level 1.5 Dodging
 - Level 1.1 Stealth


You had 3 spell levels left.
You didn't know any spells.
Your spell library was empty.

Inventory:

Hand Weapons
 Y - a +1 shortbow (weapon)
Armour
 c - a +0 leather armour
 k - a +0 ring mail
Jewellery
 f - a ring of protection from fire (left hand)
Scrolls
 d - 3 scrolls of teleportation {unknown}
 e - a scroll of torment {unknown}
 i - a scroll of fear {unknown}
Potions
 a - 2 potions of mutation {unknown}
 b - a potion of lignification {unknown}
 g - a potion of curing {unknown}
 h - 2 potions of heal wounds {unknown}
 j - a potion of haste {unknown}

Dungeon Overview and Level Annotations

Branches:
Dungeon (2/15)

Altars:

Shops:
D:2 [

Annotations:
D:2 Sigmund


Message History

Enter note:
Enter note:
Enter note:
Enter note:
Enter note:
Enter note:
Enter note: You shoot an arrow.
The arrow hits Sigmund.
Sigmund shouts!
Sigmund is lightly wounded.
You shoot an arrow. The arrow closely misses Sigmund.
Sigmund hits you from afar with a +0 scythe!
You shoot an arrow. The arrow hits Sigmund!
Sigmund is moderately wounded.
Sigmund hits you from afar with a +0 scythe!
Enter note:
Enter note:
Enter note:
Enter note:
Enter note:
Enter note:
Enter note:
Enter note:
1690 ||| UPGRADING to +0 ring mail.
You start removing your armour.
You continue taking off your +0 leather armour.
Sigmund closely misses you.
You continue taking off your +0 leather armour.
Sigmund casts a spell.
Sigmund flickers and vanishes!
Deactivating autopickup; reactivate with Ctrl-A.
You continue taking off your +0 leather armour.
Something hits you!
You continue taking off your +0 leather armour.
You finish taking off your +0 leather armour.
Autopickup is now on.
1695 ||| UPGRADING to +0 leather armour.
Something hits you!
Keep equipping yourself?
You die...

#.#..# #.#..#
#.#.\# #.#..#
# #..######.#
#.#.........#
#{##.########
#............
###@#########
#.# #.# #.#
..# ###


There were no monsters in sight!

Vanquished Creatures
  Jessica (D:2)
  2 adders (D:2)
  A worm (D:2)
  2 dart slugs (D:1)
  2 bats (D:2)
  2 endoplasms (D:1)
  2 giant cockroaches
  5 goblins
  4 hobgoblins (D:1)
  3 jackals (D:1)
  2 quokkas
  3 ball pythons (D:1)
  4 frilled lizards
  6 kobolds
  5 rats
44 creatures vanquished.

Notes
Turn   | Place    | Note
-------+----------+-------------------------------------------
     0 | D:1      | qw the Gargoyle Hunter began the quest for the Orb.
     0 | D:1      | Reached XP level 1. HP: 12/12 MP: 1/1
     0 | D:1      | 0 ||| qw: Version: 0.2-a-120-gdf1a93b
     0 | D:1      | 0 ||| qw: Game counter: 3130
     0 | D:1      | 0 ||| qw: Always use a shield: true
     0 | D:1      | 0 ||| qw: God list: Okawaru
     0 | D:1      | 0 ||| qw: Allow faded altars: false
     0 | D:1      | 0 ||| qw: Do Orc after D:15 true
     0 | D:1      | 0 ||| qw: Do second Lair branch before Depths: true
     0 | D:1      | 0 ||| qw: Lair rune preference: random
     0 | D:1      | 0 ||| qw: Plans: Normal
     0 | D:1      | 0 ||| PLANNING D:1-11
    67 | D:1      | HP: 3/12 [ball python (2)]
   130 | D:1      | Reached XP level 2. HP: 17/17 MP: 2/2
   356 | D:1      | Found a faded altar of an unknown god.
   358 | D:1      | 358 ||| Stepping ~*~*~tactically~*~*~ (water).
   551 | D:1      | Reached XP level 3. HP: 18/21 MP: 3/3
   622 | D:1      | Reached skill level 5 in Ranged Weapons
   713 | D:1      | 713 ||| UPGRADING to ring of protection from fire.
   714 | D:1      | 714 ||| READING scroll labelled WOUTZE UMUI.
   715 | D:1      | 715 ||| READING scroll labelled CUEFOMAHUOWI.
   716 | D:1      | 716 ||| READING scroll labelled GUOZXI JESOEN.
   717 | D:1      | 717 ||| DRINKING 2 dark potions.
   718 | D:1      | 718 ||| DROPPING scroll of butterflies.
   719 | D:1      | 719 ||| DROPPING potion of attraction.
   844 | D:2      | Noticed Jessica
   850 | D:2      | Killed Jessica
   851 | D:2      | Reached skill level 3 in Fighting
   851 | D:2      | Reached XP level 4. HP: 21/28 MP: 4/4
   852 | D:2      | 852 ||| FLEEEEING.
   853 | D:2      | 853 ||| FLEEEEING.
   854 | D:2      | 854 ||| FLEEEEING.
   855 | D:2      | 855 ||| FLEEEEING.
   863 | D:2      | 863 ||| FLEEEEING.
   867 | D:2      | 867 ||| FLEEEEING.
   868 | D:2      | 868 ||| FLEEEEING.
   869 | D:2      | 869 ||| FLEEEEING.
  1671 | D:2      | Found Suak's Armour Shop.
  1678 | D:2      | 1678 ||| BUYING +0 ring mail (44 gold).
  1678 | D:2      | Bought a +0 ring mail for 44 gold pieces
  1678 | D:2      | 1678 ||| SHOPLISTING +1 leather armour "Juyg Hyr" {Str+3}
                  | (223 gold, have 34).
  1686 | D:2      | Noticed Sigmund
  1690 | D:2      | 1690 ||| UPGRADING to +0 ring mail.
  1693 | D:2      | HP: 4/28 [something (9)]
  1695 | D:2      | 1695 ||| UPGRADING to +0 leather armour.
  1695 | D:2      | Mangled by Sigmund

Levels and vault maps discovered:
D:1:      arrival_zaba_pyramid, layout_loops_ring,
          chequers_ecumenical_altar_island
D:2:      wad_lake_hut, layout_basic, serial_shops, shop, uniq_jessica,
          uniq_sigmund

Skill      XL: |  1  2  3 |
---------------+----------+-----
Ranged Weapons | 5 |  5.4
Fighting       | 3 |  3.2
Dodging        | |  1.5
Stealth        | |  1.1

Action                     |  1- 3 |  4- 6 || total
---------------------------+-------+-------++-------
   Fire: Shortbow          |    83 |    59 ||   142
    Use: Scroll            |     3 |       ||     3
         Potion            |     1 |       ||     1
 Armour: Leather armour    |    16 |     9 ||    25
  Dodge: Dodged            |    21 |    18 ||    39

Table legend:
 A = Non-vault XP
 B = Vault XP
 C = Vault XP percentage of total XP
 D = Non-vault monster count
 E = Vault monster count
 F = Vault count percentage of total count
                 A         B        C        D         E       F
            +---------+---------+-------+---------+---------+-------
      Total |      96 |      37 |  27.8 |      43 |       1 |   2.3
            +---------+---------+-------+---------+---------+-------
        D:1 |      44 |       0 |   0.0 |      25 |       0 |   0.0
        D:2 |      52 |      37 |  41.6 |      18 |       1 |   5.3
            +---------+---------+-------+---------+---------+-------
